 Dungeon Crawl Stone Soup version 0.28.0 (webtiles) character file.

Game seed: 1328615607923893420

111 crazypyro the Digger (level 4, -2/24 HPs)
             Began as a Gargoyle Earth Elementalist on Feb 8, 2022.
             Killed from afar by an orc wizard (4 damage)
             ... with a puff of flame
             ... on level 3 of the Dungeon.
             The game lasted 00:03:07 (2424 turns).

crazypyro the Digger (Gargoyle Earth Elementalist)  Turns: 2424, Time: 00:03:08

Health: -2/24      AC:  5    Str: 11    XL:     4   Next: 92%
Magic:  1/8        EV: 12    Int: 18    God:
Gold:   142        SH:  0    Dex: 10    Spells: 4/8 levels left

rFire   . . .      SeeInvis .   r - +0 whip
rCold   . . .      Faith    .   (no shield)
rNeg    + . .      Spirit   .   b - +0 robe
rPois   ∞          Reflect  .   (no helmet)
rElec   +          Harm     .   (no cloak)
rCorr   +          Rampage  .   (no gloves)
Will    .....                   (no boots)
Stlth   ++........              (no amulet)
HPRegen 0.08/turn               q - ring of resist corrosion
MPRegen 0.11/turn               (no ring)

@: no status effects
A: sickness immunity, AC +3, negative energy resistance 1, electricity
resistance, torment resistance 1, petrification resistance
a: no special abilities


You were on level 3 of the Dungeon.
You visited 1 branch of the dungeon, and saw 3 of its levels.

You collected 142 gold pieces.

Inventory:

Hand Weapons
 d - a +0 club
 r - a +0 whip (weapon)
Armour
 b - a +0 robe (worn)
Jewellery
 q - a ring of resist corrosion (left hand)
 u - a +4 ring of evasion
Scrolls
 a - a scroll of amnesia {unknown}
 e - a scroll of fog {unknown}
 f - 2 scrolls of fear {unknown}
 g - a scroll of vulnerability {unknown}
 h - 2 scrolls of enchant weapon {unknown}
 j - 2 scrolls of identify {unknown}
 k - a scroll of teleportation {unknown}
Potions
 i - a potion of brilliance {unknown}
 l - a potion of heal wounds {unknown}
 m - a potion of attraction {unknown}
 n - 2 potions of lignification {unknown}
 o - a potion of magic {unknown}
 p - a potion of curing {unknown}
 s - a potion of mutation {unknown}
 t - a potion of cancellation {unknown}


   Skills:
 + Level 0.5 Fighting
 + Level 0.4 Maces & Flails
 - Level 2.0 Dodging
 - Level 2.4 Stealth
 + Level 2.9 Spellcasting
 + Level 1.6 Conjurations
 - Level 1.0 Transmutations
 + Level 4.6 Earth Magic


You had 4 spell levels left.
You knew the following spells:

 Your Spells              Type           Power      Damage    Failure   Level
a - Sandblast             Erth           38%        2d10      2%          1
b - Stone Arrow           Conj/Erth      26%        3d8       14%         3

Your spell library contained the following spells:

 Spells                   Type           Power      Damage    Failure   Level
 Passwall                 Tmut/Erth      10%        N/A       8%          2
 Petrify                  Tmut/Erth      12%        N/A       45%         4


Dungeon Overview and Level Annotations

Branches:
Dungeon (3/15)

Altars:

Shops:
D:1 *   D:2 =(


Innate Abilities, Weirdness & Mutations

You are immune to sickness and miasma.
Your stone body is resilient. (AC +3)
You are immune to poison.
You resist negative energy. (rN+)
You are resistant to electric shocks. (rElec)
You are resistant to unholy torment.
You are immune to petrification.


Message History

The orc wizard hits you with a +0 dagger.
An orc comes into view. It is wielding a +0 mace.
The blast of sand hits the orc wizard!
You kill the orc wizard!
You can't see any susceptible monsters within range! (Use Z to cast anyway.)
Your magical contamination has completely faded away.
An orc wizard comes into view.
It is wielding a +0 dagger and wearing a +0 robe of positive energy.
You can't see any susceptible monsters within range! (Use Z to cast anyway.)
The blast of sand hits the orc.
The orc is almost dead.
The blast of sand hits the orc but does no damage.
The orc is almost dead.
The orc misses you.
The blast of sand hits the orc!
You kill the orc!
You see here 5 poisoned darts.
Found a stone staircase leading up.
The orc wizard hits you with a +0 dagger.
An orc comes into view. It is wielding a +0 mace.
You barely miss the orc wizard.
The orc wizard gestures at you while chanting.
The magic dart hits you.
You closely miss the orc wizard.
The orc wizard hits you with a +0 dagger.
The blast of sand hits the orc wizard.
The orc wizard is moderately wounded.
You now have no stones remaining.
The orc wizard hits you but does no damage.
The orc wizard hits you but does no damage.
The orc wizard gestures at you while chanting.
The magic dart hits you!
The orc wizard points at you and mumbles some strange words.
The magic dart hits you!
* * * LOW HITPOINT WARNING * * *
The orc wizard gestures wildly while chanting.
The orc wizard flickers and vanishes!
Deactivating autopickup; reactivate with Ctrl-A.
A puff of flame appears from out of thin air!
The puff of flame hits you.
You die...

#.##.#o##.##.....
#.##.##.#.......# #
#.........##o#####.#
###########{....†..#
#........#
#...###### #...# . #
#...# ..
#.######@..######...
#..)...............#
#....>.............#
##...............#.
######.....######
#.....# #.....#
#.....# ####.....#


You could see an orc.

Vanquished Creatures
  An orc wizard (D:3)
  A gnoll (D:1)
  2 adders (D:2)
  An ufetubus (D:3)
  2 dart slugs
  2 orcs (D:3)
  7 ball pythons
  5 endoplasms
  2 giant cockroaches (D:2)
  3 goblins
  3 hobgoblins
  4 jackals (D:2)
  8 kobolds
  4 bats
  A frilled lizard (D:2)
  2 rats (D:2)
48 creatures vanquished.

Notes
Turn   | Place    | Note
-------+----------+-------------------------------------------
     0 | D:1      | crazypyro the Gargoyle Earth Elementalist began the quest
                  | for the Orb.
     0 | D:1      | Reached XP level 1. HP: 10/10 MP: 3/3
   327 | D:1      | Reached skill level 1 in Transmutations
   327 | D:1      | Reached XP level 2. HP: 8/15 MP: 0/5
   591 | D:1      | Found Xaugeut's General Store.
   708 | D:1      | Reached skill level 4 in Earth Magic
   708 | D:1      | Reached XP level 3. HP: 18/19 MP: 0/6
   712 | D:1      | Learned a level 3 spell: Stone Arrow
  1324 | D:2      | Found a faded altar of an unknown god.
  1340 | D:2      | Found Ytacsid's Weapon Shop.
  1484 | D:2      | Reached skill level 1 in Conjurations
  1484 | D:2      | Reached XP level 4. HP: 24/24 MP: 4/8
  1573 | D:2      | Found Maetat's Jewellery Shoppe.
  2417 | D:3      | HP: 1/24 [orc wizard/magic dart (7)]
  2424 | D:3      | Killed from afar by an orc wizard

Illustrated notes

Levels and vault maps discovered:
D:1:      co_arrival_random_square_maze, layout_basic, serial_shops,
          nicolae_shop_hallway_stairs, minmay_misc_feat_tower
D:2:      minmay_spotlight, layout_basic, hellmonk_ecumenical_altar_crossroads,
          serial_shops, shop, shop, minmay_between
D:3:      layout_loops_cross, dk_noncrumbling_4

Skill      XL: |  1  2  3 |
---------------+----------+-----
Transmutations | 1 |  1.0
Dodging        | 2 |  2.0
Earth Magic    | 4 |  4.6
Conjurations   | 1 |  1.6
Fighting       | |  0.5
Maces & Flails | |  0.4
Stealth        | |  2.4
Spellcasting   | |  2.9

Action                   |  1- 3 |  4- 6 || total
-------------------------+-------+-------++-------
Melee: Club              |     8 |    27 ||    35
       Whip              |       |     9 ||     9
 Cast: Sandblast         |    40 |    16 ||    56
 Stab: Sleeping          |       |     3 ||     3
Armor: Robe              |     4 |    19 ||    23
Dodge: Dodged            |    17 |    25 ||    42
